 Dungeon Crawl Stone Soup version 0.17-a0-11-gedc27af (webtiles) character file.

290866 Sixotanaka the Slayer (level 19, -1/193 HPs)
             Began as a Red Draconian Transmuter on Mar 4, 2015.
             Was the Champion of Ashenzari.
             Slain by a vault warden
             ... wielding a +1 great mace of crushing
              (3 damage)
             ... on level 3 of the Vaults.
             The game lasted 03:31:23 (51607 turns).

Sixotanaka the Slayer (Red Draconian Transmuter)   Turns: 51607, Time: 03:31:23

Health: -1/193     AC: 18    Str: 18    XL:     19   Next: 94%
Magic:  22/27      EV: 36    Int: 15    God:    Ashenzari [******]
Gold:   1173       SH:  0    Dex: 22    Spells: 7 memorised, 3 levels left

rFire  + . .     SeeInvis +       - Unarmed
rCold  + . .     Clarity  +     (armour unavailable)
rNeg   . . .     SustAb   .     (shield currently unavailable)
rPois  +         Gourm    .     I - +2 hat (curse)
rElec  .         Spirit   .     v - +2 cloak (curse)
rCorr  .         Warding  .     i - melded +2 pair of gloves {archery} (curse)
rMut   +         Stasis   .     B - +2 pair of boots (curse)
MR     +....                    W - amulet of Grontol {rMut rPois rC+ Str+3 Stlth-} (curse)
Stlth  ++++......               O - +3 ring of evasion (curse)
                                N - +6 ring of dexterity (curse)

@: about to teleport, blade hands, marked, somewhat resistant to hostile
enchantments, stealthy
A: breathe fire, unfitting armour, fire resistance 1, cold-blooded, AC +10
a: Breathe Fire, End Transformation, Scrying, Transfer Knowledge, Renounce
Religion
}: 2/15 runes: decaying, gossamer


You were on level 3 of the Vaults.
You worshipped Ashenzari.
Ashenzari was exalted by your worship.
You were very hungry.
You had blades for hands.
You visited 6 branches of the dungeon, and saw 40 of its levels.
You also visited: Labyrinth, Bailey and Ice Cave.

You collected 3306 gold pieces.
You spent 2133 gold pieces at shops.


Innate Abilities, Weirdness & Mutations

You can breathe blasts of fire.
Your fiery red scales are hard (AC +10).
Your body does not fit into most forms of armour.
Your flesh is heat resistant.
Your cold-blooded metabolism reacts poorly to cold.


   Skills:
 + Level 22.5 Fighting
 - Level 17.6(21.3) Dodging
 - Level 10.0(14.2) Stealth
 - Level 17.0 Unarmed Combat
 - Level 2.0 Spellcasting
 - Level 4.2(8.4) Necromancy
 - Level 12.4(16.5) Transmutations
 - Level 5.7(10.2) Evocations


You had 3 spell levels left.
You knew the following spells:

 Your Spells              Type           Power        Failure   Level  Hunger
a - Shroud of Golubria    Chrm/Tloc      #.........   71%         2    ###....
c - Ice Form              Ice/Trmt       ####....     41%         4    #####..
g - Regeneration          Chrm/Necr      ###.......   50%         3    ###....
n - Sublimation of Blood  Necr           ####......   17%         2    ###....
x - Blade Hands           Trmt           ######....   14%         5    ######.
y - Sticks to Snakes      Trmt           ######....   6%          2    ###....
z - Beastly Appendage     Trmt           ######       4%          1    #......


Dungeon Overview and Level Annotations

Branches:
Dungeon (15/15)            Temple (0/1) D:4            Lair (8/8) D:8
  Swamp (5/5) Lair:5       Spider (5/5) Lair:4        Slime (0/6) Lair:8
    Orc (4/4) D:12            Elf (0/3) Orc:3        Vaults (3/5) D:13
 Depths (0/5) D:15
  Crypt: Vaults:2-3

Altars:
Ashenzari
Fedhas
Gozag
Kikubaaqudgha
Makhleb
Nemelex Xobeh
Okawaru
Qazlal
Trog
Vehumet
Yredelemnul
Zin
The Shining One
Beogh
Jiyva

Shops:
D:8 =   D:9 %   D:12 [   D:13 !((=   D:15 (   Orc:3 ?   Orc:4 =(!(

Annotations:
D:2 Terence
D:9 exclusions: upstairs and 7 more exclusions
Lair:2 lots of oklobs, exclusion: 4 oklob plants
Swamp:2 tijit's ghost, powerful MiAK

Inventory:

Hand weapons
 x - a +0 blowgun
Missiles
 n - 6 throwing nets
 o - 15 needles of confusion
 z - 14 poisoned needles
 X - 5 poisoned tomahawks (quivered)
 Y - 4 curare-tipped needles
Armour
 i - a cursed +2 pair of gloves of archery (melded)
   (You acquired it in an ice cave)
 v - a cursed +2 cloak (worn)
 B - a cursed +2 pair of boots (worn)
 I - a cursed +2 hat (worn)
Jewellery
 h - a +6 ring of slaying
 N - a cursed +6 ring of dexterity (left scythe-like blade)
 O - a cursed +3 ring of evasion (right scythe-like blade)
 W - the cursed amulet of Grontol (around neck) {rMut rPois rC+ Str+3 Stlth-}
   (You took it off a hobgoblin in a bailey)

   [amulet of resist mutation]

   It protects you from mutation.
   It affects your strength (+3).
   It protects you from cold.
   It protects you from poison.
   It makes you less stealthy.
   It has a curse placed upon it.
Magical devices
 G - a wand of hasting (5) {@v3}
 Q - a wand of digging (4)
 U - a wand of teleportation (5) {@v4}
Scrolls
 b - 4 scrolls of magic mapping
 c - 13 scrolls of teleportation {@r4}
 k - 3 scrolls of summoning
 w - 5 scrolls of remove curse {@r2}
 y - 2 scrolls of holy word
 E - 3 scrolls of identify {@r1}
 K - 4 scrolls of enchant armour
 L - 2 scrolls of fog
 V - 4 scrolls of recharging
Potions
 e - 16 potions of curing {@q1}
 f - 2 potions of lignification {!q}
 j - a potion of flight
 l - 4 potions of invisibility
 m - 2 potions of haste {@q3}
 p - 6 potions of berserk rage
 r - 3 potions of resistance
 s - 10 potions of heal wounds {@q2}
 A - 2 potions of cure mutation
 C - 3 potions of restore abilities
 J - 2 potions of brilliance
 M - 5 potions of agility
 P - 4 potions of cancellation
 S - 8 potions of might
 T - 5 potions of magic
Books
 F - a Young Poisoner's Handbook
Miscellaneous
 g - a lamp of fire
 t - a box of beasts
 R - a lamp of fire
Comestibles
 a - 22 bread rations
 d - 5 chunks of flesh
 q - 8 meat rations
 u - a beef jerky
 Z - 10 fruits

,*#.............).{{{{{#
{,,*#{.......o......{.{{)# ,,,
*#.........o.....{{{{{# , ,
,*####################'#### ,
#############OO..{)......# ***
#..........)#O....)).....#
#.8.#####.8pp{{{{.(......#
#...#)..#pop#{{{.........#
#.###._.###@#{{..........#
######.#......∆#.#....)(......#
.....#.#...>..)+.#.....{......#
.....#.#.......#.###+##########
..<..#.###._.###.# #......#
.....#...#...#...# #......#
.....')8.#####.8)# #......#
.....#)....))...(# #......#
.....#######)##### #......#


You could see an ironheart preserver, a vault warden, a vault guard, a vault
sentinel, a two-headed ogre, 2 ogres and an orc.


Message History

You slash the very large slime creature!
The runic seal fades away.
The very large slime creature completely misses you.
The vault warden activates a sealing rune.
You shred the very large slime creature!!!
The very large slime creature completely misses you.
You slice the very large slime creature!!
You hit the very large slime creature but do no damage.
The very large slime creature completely misses you.
You shred the very large slime creature!!!
You kill the ironheart preserver!
The very large slime creature hits you.
* * * LOW HITPOINT WARNING * * *
The vault warden activates a sealing rune.
You hit the very large slime creature.
Your tail-slap misses the very large slime creature.
You slash the very large slime creature!
Your tail-slap misses the very large slime creature.
The very large slime creature misses you.
You shred the very large slime creature!!!
You kill the very large slime creature!
The vault warden shoots a bolt.
The bolt completely misses you.
An ogre mage comes into view. It is wielding a spear.
The orc closely misses you.
A two-headed ogre comes into view.
It is wielding a giant club and a giant spiked club.
You slice the vault warden!!
Your tail-slap misses the vault warden.
The vault warden unwields an uncursed arbalest of velocity.
The vault warden wields an uncursed great mace of crushing.
The vault warden hits you with an uncursed great mace of crushing!!
* * * LOW HITPOINT WARNING * * *
* * * LOW HITPOINT WARNING * * *
The orc completely misses you.
An ogre comes into view. It is wielding a giant spiked club.
You barely miss the vault warden.
You tail-slap the vault warden, but do no damage.
The vault sentinel blows a loud note on a signal horn!
The ogre moves out of view.
You hit the vault warden.
Your hands revert to their normal proportions.
Your cursed +2 pair of gloves of archery unmelds from your body.
You feel that your aim is more steady. The orc completely misses you.
The vault warden hits you with an uncursed great mace of crushing!
* * * LOW HITPOINT WARNING * * *
* * * LOW HITPOINT WARNING * * *
Eat one of 5 chunks of flesh? (ye/n/q/i?) Eat which item? (? for menu, Esc to quit)
Okay, then.
Read which item? (? for menu, Esc to quit)
As you read the scroll of teleportation {@r4}, it crumbles to dust.
You feel strangely unstable. The orc completely misses you.
The vault warden barely misses you.
A two-headed ogre comes into view.
It is wielding a dire flail and a giant spiked club.
Drink which item? (? for menu, Esc to quit)
You feel much better.
The two-headed ogre moves out of view.
The orc completely misses you.
Your hands turn into razor-sharp scythe blades.
Your cursed +2 pair of gloves of archery melds into your body.
Your aim is not that steady anymore.
You are feeling very hungry.
The ironheart preserver casts a spell.
The ironheart preserver begins to accept its allies' injuries.
The vault warden completely misses you.
The ogre mage mumbles some strange words.
The ogre mage blinks!
The orc hits you with a mace.
* * * LOW HITPOINT WARNING * * *
An ogre comes into view. It is wielding a giant spiked club.
You hit the vault warden but do no damage.
The vault warden hits you with an uncursed great mace of crushing!!!
* * * LOW HITPOINT WARNING * * *
You die...

Action                   |  1- 3 |  4- 6 |  7- 9 | 10-12 | 13-15 | 16-18 | 19-21 || total
-------------------------+-------+-------+-------+-------+-------+-------+-------++-------
Melee: Unarmed           |   136 |   303 |   321 |   810 |  1487 |  1804 |   532 ||  5393
Throw: Stone             |    15 |       |     3 |     1 |     9 |     6 |       ||    34
       Tomahawk          |       |       |       |       |     1 |    32 |       ||    33
 Cast: Beastly Appendage |    17 |    27 |    43 |    20 |     9 |     8 |     2 ||   126
       Blade Hands       |       |       |       |    52 |    92 |   108 |    20 ||   272
       Ice Form          |       |       |       |       |     8 |    22 |       ||    30
       Regeneration      |       |       |       |       |       |     9 |     3 ||    12
 Abil: Breathe Fire      |       |       |    37 |    19 |    13 |    11 |     2 ||    82
       End Transformatio |       |       |       |       |     5 |    28 |     1 ||    34
Evoke: Wand              |       |       |     2 |       |     7 |     4 |       ||    13
       Lamp of fire      |       |       |       |       |       |     2 |       ||     2
       Phantom mirror    |       |       |       |       |       |     1 |       ||     1
  Use: Scroll            |     2 |     2 |     5 |    23 |    21 |    12 |     4 ||    69
       Potion            |       |       |       |     1 |     5 |     3 |     3 ||    12
 Stab: Distracted        |       |       |       |     1 |     1 |     7 |     1 ||    10
       Sleeping          |       |       |       |       |     8 |    30 |     2 ||    40
       Petrified         |       |       |       |       |     4 |       |       ||     4
       Invisible         |       |       |       |       |     7 |       |       ||     7
  Eat: Beef jerky        |     1 |     1 |     1 |     1 |     5 |       |     2 ||    11
       Bread ration      |     1 |       |       |       |       |       |       ||     1
       Chunk             |       |     6 |    11 |    30 |    63 |    57 |    17 ||   184
       Royal jelly       |       |     1 |       |    10 |     3 |     1 |       ||    15
       Fruit             |       |       |     2 |     4 |     9 |     2 |       ||    17
       Meat ration       |       |       |     1 |       |     1 |     8 |       ||    10
       Pizza             |       |       |       |       |       |       |     1 ||     1

Vault maps used:
D:1:      saegor_arrival_under_anarchy, evilmike_ruin_ashenzari
D:2:      bloody_makhleb, uniq_terence
D:3:      lemuel_doored_altar, baited_tele_trap
D:4:      nicolae_tso_besieged_by_evil, minmay_temple_entry_nine_rooms,
          first_bread
D:6:      lemuel_crystal_altar, kennysheep_little_box,
          kennysheep_generic_room_3, uniq_iyjb
D:7:      grunt_gozag_breadcrumbs, overflow_temple_1_default,
          nicolae_overflow_hidden_temple, minmay_misc_feat_square, uniq_edmund
D:8:      lair_0_dummy, serial_shops, nicolae_shop_waterfront,
          hangedman_pestilent_swarm
D:9:      nicolae_overflow_crystal_walls, kennysheep_mini, serial_shops,
          shop_statue, abandoned_shop
D:10:     nemelex_diamond_rough_becter
D:12:     orc_david_3, enter_bailey_2
D:13:     lightli_vaults_fourway_checkpoint, serial_shops, shop, shop, shop,
          shop, nicolae_shop_statue_plus, kennysheep_generic_room_16
D:14:     wad_bat_island, okawaru_ov_weapons_minmay
D:15:     hangedman_depths_entry_civil_slaughter, corexii_hall_statues_s,
          serial_shops, nicolae_shop_stone, hangedman_decor_lopped
Lair:1:   lab_entry_generic, lemuel_fruit_tree
Lair:2:   minmay_lair_oklob_chamber, portal_ice_cave_entry_ice_beasts,
          wad_woods_02, infiniplex_staircase_pool
Lair:3:   st_stairs_13
Lair:4:   nicolae_spider_entry_non_spiders, nicolae_quartered_pool_super
Lair:5:   swamp_mist, uniq_erica, uniq_fannar
Lair:7:   forest_entry_grove, infiniplex_staircase_pool_2, grunt_megastairs_3
Lair:8:   grunt_lair_end_beastmaster, slime_altar_1
Swamp:1:  hangedman_swamp_pad
Swamp:2:  evilmike_swamp_ruin_rubble_1
Swamp:3:  evilmike_swamp_ruin_house_3
Swamp:4:  evilmike_swamp_ruin_house_2
Swamp:5:  swamp_alternative, swamp_pool5, roderic_carrion_pond
Spider:1: uniq_louise
Spider:2: uniq_rupert
Spider:3: nicolae_spider_mines_3
Spider:4: uniq_arachne, uniq_donald, uniq_norris, uniq_nikola
Spider:5: grunt_spider_rune_circles, minivault_29
Orc:1:    basic_altar, mines2_david
Orc:2:    basic_altar
Orc:3:    serial_shops, nicolae_shop_competitors_out_of_business,
          nicolae_orc_pool_cavern
Orc:4:    st_orc_mages
Vaults:1: v_misc_12, vaults_dpeg_spiral, v_misc_19,
          nicolae_vaults_circle_grid_a, v_misc_2, v_misc_8, vaults_room_pool,
          vaults_dpeg_encased_lava
Vaults:2: ontoclasm_vaults_ring_square, grunt_vaults_trifunnel,
          vaults_mumra_minichess, nicolae_vaults_little_squares_4,
          ontoclasm_vaults_decontamination, nicolae_vaults_three_branches
Vaults:3: st_more_cells, nicolae_vaults_border_crossing,
          minmay_crypt_entry_necro_gods, nicolae_vaults_circle_grid_b,
          vaults_mumra_minichess_inversion, hangedman_vaults_maws,
          vaults_room_semicircle, hangedman_vaults_nodes, v_alt_pattern_2,
          vaults_room_large_hall, vaults_room_pools, vaults_room_fours
Bailey:   bailey_axe_minmay_hex_keep, bailey
IceCv:    ice_cave_tombish

Notes
Turn   | Place    | Note
--------------------------------------------------------------
     0 | D:1      | Sixotanaka, the Draconian Transmuter, began the quest for the Orb.
     0 | D:1      | Reached XP level 1. HP: 16/16 MP: 3/3
   145 | D:1      | Found a shattered altar of Ashenzari.
   154 | D:1      | Reached XP level 2. HP: 20/23 MP: 4/4
   161 | D:1      | Became a worshipper of Ashenzari the Shackled
   578 | D:2      | Reached skill level 4 in Unarmed Combat
   751 | D:2      | Noticed Terence
  1132 | D:2      | Found a burning altar of Makhleb.
  1138 | D:2      | Reached XP level 3. HP: 21/28 MP: 6/6
  1221 | D:2      | HP: 6/28 [worm (5)]
  1421 | D:2      | HP: 4/28 [worm (6)]
  1980 | D:2      | Reached XP level 4. HP: 26/35 MP: 5/7
  2078 | D:2      | Learned a level 2 spell: Sticks to Snakes
  2275 | D:2      | Reached skill level 5 in Unarmed Combat
  2365 | D:3      | Found a basalt altar of Yredelemnul.
  3135 | D:3      | Reached XP level 5. HP: 20/40 MP: 7/9
  3770 | D:4      | Reached skill level 6 in Unarmed Combat
  3960 | D:4      | Found a glowing golden altar of the Shining One.
  4061 | D:4      | Reached XP level 6. HP: 44/47 MP: 10/10
  4066 | D:4      | Noticed a phantom
  4201 | D:4      | Found a staircase to the Ecumenical Temple.
  4268 | D:5      | Entered Level 5 of the Dungeon
  4344 | D:5      | Reached skill level 7 in Unarmed Combat
  4895 | D:5      | Acquired Ashenzari's first power
  4977 | D:5      | Reached skill level 8 in Unarmed Combat
  4977 | D:5      | Your scales start taking on a fiery red colour.
  4977 | D:5      | Gained mutation: Your flesh is heat resistant. [draconian maturity]
  4977 | D:5      | Reached XP level 7. HP: 29/52 MP: 12/12
  5590 | D:6      | Reached skill level 9 in Unarmed Combat
  5724 | D:6      | Found an ancient bone altar of Kikubaaqudgha.
  5772 | D:6      | Noticed Ijyb
  5800 | D:6      | Killed Ijyb
  5944 | D:6      | Reached XP level 8. HP: 56/59 MP: 11/13
  6051 | D:6      | Reached skill level 10 in Unarmed Combat
  6687 | D:6      | Noticed Guenter's ghost (experienced DsGl)
  6735 | D:6      | HP: 12/59 [Guenter's ghost (12)]
  6770 | D:6      | Killed Guenter's ghost
  6770 | D:6      | Reached skill level 11 in Unarmed Combat
  6790 | D:6      | HP: 10/59 [orc wizard/magic dart (9)]
  7050 | D:6      | Found a glowing silver altar of Zin.
  7177 | D:7      | Noticed Guenter's ghost (experienced DsGl)
  7292 | D:7      | HP: 14/59 [Guenter's ghost (8)]
  7657 | D:7      | Reached XP level 9. HP: 54/64 MP: 14/14
  7709 | D:7      | Found a bloodstained altar of Trog.
  7770 | D:7      | Killed Guenter's ghost
  7770 | D:7      | Reached skill level 12 in Unarmed Combat
  7952 | D:7      | Found an opulent altar of Gozag.
  8148 | D:7      | Reached skill level 13 in Unarmed Combat
  8287 | D:7      | Noticed Edmund
  8297 | D:7      | Killed Edmund
  8297 | D:7      | Reached skill level 3 in Transmutations
  8440 | D:7      | Reached skill level 4 in Transmutations
  8538 | D:7      | Found a radiant altar of Vehumet.
  8660 | D:8      | Reached skill level 5 in Transmutations
  8765 | D:8      | Found a staircase to the Lair.
  8822 | D:8      | Reached skill level 6 in Transmutations
  8822 | D:8      | Reached XP level 10. HP: 65/71 MP: 14/16
  8890 | D:8      | HP: 15/71 [soldier ant (7)]
  9169 | D:8      | Found Criur's Jewellery Shoppe.
  9235 | D:8      | Reached skill level 7 in Transmutations
  9438 | D:8      | Noticed Minkie's ghost (experienced TeFE)
  9450 | D:8      | Killed Minkie's ghost
  9450 | D:8      | Reached skill level 8 in Transmutations
  9464 | D:8      | Learned a level 5 spell: Blade Hands
  9875 | D:9      | Reached skill level 2 in Dodging
  9990 | D:9      | Found a stormy altar of Qazlal.
 10076 | D:9      | Found a blossoming altar of Fedhas.
 10207 | D:9      | Reached skill level 3 in Dodging
 10313 | D:9      | Found Caydwuib's Food Emporium.
 10516 | D:10     | Entered Level 10 of the Dungeon
 10865 | D:10     | Reached skill level 4 in Dodging
 11280 | D:10     | Found a sparkling altar of Nemelex Xobeh.
 11418 | D:11     | Noticed a hill giant
 11427 | D:11     | Killed a hill giant
 11427 | D:11     | Reached skill level 5 in Dodging
 11427 | D:11     | Reached skill level 9 in Transmutations
 11501 | D:11     | Reached XP level 11. HP: 33/77 MP: 7/17
 11633 | D:11     | Noticed a green ugly thing
 11644 | D:11     | Killed a purple ugly thing
 11644 | D:11     | Reached skill level 6 in Dodging
 11765 | D:11     | Acquired Ashenzari's second power
 11765 | D:11     | Noticed a manticore
 11766 | D:11     | Noticed an unseen horror
 11779 | D:11     | Killed an unseen horror
 11779 | D:11     | Reached skill level 7 in Dodging
 11783 | D:11     | HP: 19/77 [manticore (5)]
 11786 | D:11     | Killed a manticore
 11799 | D:11     | Learned a level 4 spell: Ice Form
 12283 | D:11     | Noticed a cyclops
 12725 | D:11     | Reached skill level 8 in Dodging
 12879 | D:12     | Found a flagged portal.
 12896 | Bailey   | Entered a bailey
 12986 | Bailey   | Reached skill level 2 in Fighting
 13118 | Bailey   | Reached skill level 3 in Fighting
 13207 | Bailey   | Learned a level 2 spell: Sublimation of Blood
 13326 | Bailey   | Noticed an orc warlord
 13393 | Bailey   | Killed an orc warlord
 13393 | Bailey   | Reached skill level 5 in Fighting
 13397 | Bailey   | Reached skill level 6 in Fighting
 13704 | Bailey   | Identified the amulet of Grontol {rMut rPois rC+ Str+3 Stlth-} (You took it off a hobgoblin in a bailey)
 14202 | D:12     | Reached skill level 7 in Fighting
 14396 | D:12     | Found Etamia's Armour Emporium.
 14403 | D:12     | Found a staircase to the Orcish Mines.
 14419 | D:12     | Reached XP level 12. HP: 93/101 MP: 14/18
 14430 | D:12     | Bought a +0 cloak for 58 gold pieces
 14959 | D:13     | Reached skill level 8 in Fighting
 15154 | D:13     | Reached skill level 9 in Fighting
 15205 | D:13     | Found a gate to the Vaults.
 15205 | D:13     | Noticed a vault guard
 15205 | D:13     | Noticed a vault guard
 15205 | D:13     | Noticed a vault guard
 15205 | D:13     | Noticed a vault guard
 15444 | Lair:1   | Entered Level 1 of the Lair of Beasts
 15623 | Lair:1   | Acquired Ashenzari's third power
 15788 | Lair:1   | Found a labyrinth entrance.
 15797 | Lab      | Entered a labyrinth
 15971 | Lab      | Noticed a minotaur
 15981 | Lab      | Killed a minotaur
 15981 | Lab      | Reached skill level 10 in Fighting
 16819 | Lair:2   | Found a frozen archway.
 16830 | Lair:2   | Reached skill level 11 in Fighting
 16840 | IceCv    | Entered an ice cave
 16895 | IceCv    | Identified a scroll of acquirement
 17084 | IceCv    | Reached skill level 12 in Fighting
 17095 | IceCv    | Noticed an Ice Fiend
 17505 | Lair:2   | Reached skill level 13 in Fighting
 17724 | Lair:2   | Acquired Ashenzari's fourth power
 17756 | Lair:2   | Noticed an eight-headed hydra
 18026 | Lair:3   | Reached XP level 13. HP: 112/122 MP: 14/19
 18889 | Lair:4   | Reached skill level 14 in Fighting
 19193 | Lair:4   | Found a hole to the Spider Nest.
 19798 | Lair:5   | Noticed Erica
 19804 | Lair:5   | Killed Erica
 20166 | Lair:5   | Found a staircase to the Swamp.
 20173 | Lair:5   | Noticed Fannar
 20188 | Lair:5   | Killed Fannar
 20188 | Lair:5   | Reached skill level 15 in Fighting
 21080 | Lair:6   | Reached skill level 16 in Fighting
 21919 | Lair:7   | Reached skill level 17 in Fighting
 22002 | Lair:7   | Reached XP level 14. HP: 140/140 MP: 20/20
 22032 | Lair:7   | Reached skill level 1 in Evocations
 22279 | Lair:7   | Reached skill level 2 in Evocations
 22330 | Lair:8   | Entered Level 8 of the Lair of Beasts
 22354 | Lair:8   | Reached skill level 3 in Evocations
 22402 | Lair:8   | Found a staircase to the Slime Pits.
 22403 | Lair:8   | Found a viscous altar of Jiyva.
 22454 | Lair:8   | Reached skill level 4 in Evocations
 22640 | Lair:8   | Reached skill level 5 in Evocations
 23013 | Lair:8   | Reached skill level 1 in Stealth
 23352 | Lair:8   | Reached skill level 2 in Stealth
 23427 | Lair:8   | Reached skill level 3 in Stealth
 23441 | Lair:8   | Reached skill level 4 in Stealth
 23478 | Lair:8   | Reached skill level 5 in Stealth
 23505 | Lair:8   | Reached skill level 6 in Stealth
 23524 | Lair:8   | Reached skill level 7 in Stealth
 23566 | Lair:8   | Reached skill level 8 in Stealth
 23924 | Lair:6   | Reached skill level 9 in Stealth
 24099 | Lair:2   | Noticed Sixotanaka's ghost (powerful DrFi)
 24109 | Lair:2   | Killed Sixotanaka's ghost
 24109 | Lair:2   | Reached skill level 9 in Dodging
 24364 | Orc:1    | Entered Level 1 of the Orcish Mines
 24385 | Orc:1    | Found a roughly hewn altar of Beogh.
 24639 | Orc:2    | Found a radiant altar of Vehumet.
 24932 | Orc:3    | Found Toola's Magic Scroll Emporium.
 25243 | Orc:3    | Found a staircase to the Elven Halls.
 25510 | Orc:4    | Entered Level 4 of the Orcish Mines
 25789 | Orc:4    | Paralysed by an orc sorcerer for 7 turns
 25799 | Orc:4    | Reached skill level 10 in Dodging
 25799 | Orc:4    | Reached skill level 10 in Stealth
 26258 | Orc:4    | Reached skill level 11 in Dodging
 26480 | Orc:4    | Found Ivafa's Jewellery Shoppe.
 26481 | Orc:4    | Found Deunt's Antique Weapon Shoppe.
 26683 | Orc:4    | Found Prikuora's Distillery.
 26686 | Orc:4    | Found Nykh's Antique Weapon Emporium.
 27188 | D:8      | Bought a +6 ring of slaying for 1725 gold pieces
 27308 | Lair:2   | Killed an eight-headed hydra
 27918 | Swamp:1  | Entered Level 1 of the Swamp
 28121 | Swamp:1  | Reached skill level 12 in Dodging
 28203 | Swamp:1  | Reached XP level 15. HP: 145/147 MP: 19/24
 28480 | Swamp:1  | Reached skill level 13 in Dodging
 29524 | Swamp:2  | Reached skill level 14 in Unarmed Combat
 29545 | Swamp:2  | Noticed tijit's ghost (powerful MiAK)
 30518 | Swamp:3  | Reached skill level 15 in Unarmed Combat
 31101 | Swamp:4  | Noticed a thorn hunter
 31119 | Swamp:4  | Killed a thorn hunter
 31211 | Swamp:4  | HP: 18/147 [spriggan rider/spear (19)]
 31216 | Swamp:4  | HP: 14/147 [poisoned by a spriggan rider]
 31221 | Swamp:4  | HP: 12/147 [poisoned by a spriggan rider]
 31227 | Swamp:3  | HP: 11/147 [poisoned by a spriggan rider]
 31234 | Swamp:3  | HP: 12/147 [poisoned by a spriggan rider]
 31242 | Swamp:3  | HP: 13/147 [poisoned by a spriggan rider]
 31712 | Swamp:4  | HP: 30/147 [cyan very ugly thing (21)]
 32117 | Swamp:4  | Noticed a thorn hunter
 32128 | Swamp:4  | Killed a thorn hunter
 32128 | Swamp:4  | Reached skill level 16 in Unarmed Combat
 32327 | Swamp:4  | Reached XP level 16. HP: 153/155 MP: 19/25
 33023 | Swamp:5  | Entered Level 5 of the Swamp
 33172 | Swamp:5  | HP: 15/155 [thorn hunter/volley of thorns (29)]
 33675 | Swamp:5  | Reached skill level 17 in Unarmed Combat
 33740 | Swamp:5  | Reached skill level 10 in Transmutations
 34161 | Swamp:5  | HP: 38/186 [six-headed hydra (13)]
 34554 | Swamp:5  | Reached skill level 11 in Transmutations
 34818 | Swamp:5  | Got a decaying rune of Zot
 34850 | Swamp:5  | Reached skill level 12 in Transmutations
 35998 | Swamp:3  | Noticed a thorn hunter
 36018 | Swamp:3  | Killed a thorn hunter
 36290 | Spider:1 | Entered Level 1 of the Spider Nest
 36410 | Spider:1 | Noticed Louise
 36417 | Spider:1 | Killed Louise
 36417 | Spider:1 | Reached skill level 14 in Dodging
 36854 | Spider:1 | Learned a level 3 spell: Regeneration
 37135 | Spider:1 | Reached skill level 1 in Necromancy
 37439 | Spider:2 | Noticed Rupert
 37469 | Spider:2 | Killed Rupert
 37469 | Spider:2 | Reached skill level 2 in Necromancy
 37478 | Spider:2 | Reached XP level 17. HP: 133/161 MP: 12/25
 37877 | Spider:2 | Reached skill level 3 in Necromancy
 38430 | Spider:3 | Reached skill level 4 in Necromancy
 38918 | Spider:3 | Reached skill level 15 in Dodging
 39404 | Spider:4 | Noticed Arachne
 39726 | Spider:4 | Noticed Donald
 39774 | Spider:3 | Killed Donald
 39899 | Spider:4 | Paralysed by Arachne for 3 turns
 39903 | Spider:4 | Paralysed by Arachne for 5 turns
 40200 | Spider:4 | Killed Arachne
 40354 | Spider:4 | Noticed Nikola
 40368 | Spider:4 | Killed Nikola
 40741 | Spider:4 | Noticed Norris
 40754 | Spider:4 | Killed Norris
 40754 | Spider:4 | Reached skill level 16 in Dodging
 40770 | Spider:5 | Entered Level 5 of the Spider Nest
 41931 | Spider:5 | HP: 35/161 [jumping spider[a torpor snail] (16)]
 41931 | Spider:5 | HP: 16/161 [jumping spider[a torpor snail] (19)]
 41932 | Spider:5 | HP: 6/161 [trapdoor spider (3)]
 42551 | Spider:5 | Reached skill level 17 in Dodging
 42585 | Spider:5 | HP: 35/161 [emperor scorpion (20)]
 42587 | Spider:5 | Reached XP level 18. HP: 35/169 MP: 16/26
 42590 | Spider:5 | HP: 30/169 [poisoned by an emperor scorpion]
 42595 | Spider:5 | HP: 31/169 [poisoned by an emperor scorpion]
 42600 | Spider:5 | HP: 34/169 [poisoned by an emperor scorpion]
 42606 | Spider:5 | HP: 34/169 [poisoned by an emperor scorpion]
 42611 | Spider:5 | HP: 34/169 [poisoned by an emperor scorpion]
 42618 | Spider:5 | HP: 34/169 [poisoned by an emperor scorpion]
 42626 | Spider:5 | HP: 36/169 [poisoned by an emperor scorpion]
 42903 | Spider:5 | Got a gossamer rune of Zot
 43013 | Spider:3 | Learned a level 2 spell: Shroud of Golubria
 43464 | D:13     | Killed a vault guard
 43505 | D:13     | Noticed a centaur warrior
 43513 | D:13     | Killed a centaur warrior
 43542 | D:13     | Found Keuhaet's Book Shop.
 43546 | D:13     | Found Savon's Distillery.
 43558 | D:13     | Bought a potion of heal wounds for 70 gold pieces
 43558 | D:13     | Bought a potion of heal wounds for 70 gold pieces
 43558 | D:13     | Bought a potion of heal wounds for 70 gold pieces
 43558 | D:13     | Bought 2 potions of heal wounds for 140 gold pieces
 43649 | D:13     | Found Ehuywnul's Antique Weapon Shop.
 43683 | D:13     | Killed a vault guard
 43747 | D:13     | Found Kejung's Jewellery Emporium.
 43807 | D:13     | Killed a vault guard
 43867 | D:13     | Found Qarab's Weapon Shop.
 43872 | D:13     | Noticed a centaur warrior
 43888 | D:13     | Killed a centaur warrior
 44003 | D:13     | Killed a vault guard
 45096 | D:14     | Found an iron altar of Okawaru.
 45626 | D:15     | Entered Level 15 of the Dungeon
 45629 | D:15     | Found Zirriy's Antique Weapon Boutique.
 45684 | D:15     | Reached skill level 18 in Fighting
 46082 | D:15     | Found a staircase to the Depths.
 46351 | Vaults:1 | Entered Level 1 of the Vaults
 46834 | Vaults:1 | Reached skill level 19 in Fighting
 47579 | Vaults:2 | Reached XP level 19. HP: 69/184 MP: 27/27
 47604 | Vaults:2 | Reached skill level 20 in Fighting
 49478 | Vaults:3 | Reached skill level 21 in Fighting
 50128 | Vaults:3 | HP: 44/190 [yaktaur[a vault warden] (5)]
 50467 | Vaults:3 | Found a staircase to the Crypt.
 50467 | Vaults:3 | Found a basalt altar of Yredelemnul.
 50468 | Vaults:3 | Found an ancient bone altar of Kikubaaqudgha.
 50541 | Vaults:3 | HP: 36/191 [vault warden/dire flail (42)]
 50968 | Vaults:3 | Reached skill level 22 in Fighting
 51008 | Vaults:3 | Paralysed by an ogre mage for 6 turns
 51013 | Vaults:3 | HP: 33/191 [vault warden/glaive of venom (42)]
 51601 | Vaults:3 | HP: 39/193 [vault warden/uncursed great mace of crushing (26)]
 51603 | Vaults:3 | HP: 17/193 [vault warden/uncursed great mace of crushing (4)]
 51607 | Vaults:3 | HP: 2/193 [vault warden/uncursed great mace of crushing (36)]
 51607 | Vaults:3 | Slain by a vault warden

Vanquished Creatures
  Norris (Spider:4)
  Arachne (Spider:4)
  Nikola (Spider:4)
  A lich (Vaults:3)
  Rupert (Spider:2)
  6 thorn hunters
  3 ghost moths
  Donald (Spider:3)
  A fire giant (Vaults:3)
  8 vault wardens
  An orc warlord (Bailey)
  2 frost giants (Vaults:3)
  Louise (Spider:1)
  6 ironheart preservers
  5 emperor scorpions (Spider:5)
  A stone giant (Vaults:3)
  A very ugly thing (Swamp:4)
  A dire elephant (Lair:8)
  A minotaur (Lab)
  8 yaktaur captains
  7 vault guards
  A rakshasa (Vaults:2)
  20 hydras
  5 fire dragons
  Fannar (Lair:5)
  An ice dragon (Vaults:2)
  The ghost of Sixotanaka the Fencer, a powerful DrFi of Okawaru (Lair:2)
  Erica (Lair:5)
  A catoblepas (Lair:8)
  2 deep troll earth magi (Vaults:2)
  5 ogre magi
  12 centaur warriors
  A deep troll shaman (Lair:8)
  14 alligators
  2 tengu warriors (D:15)
  9 death yaks
  5 orc high priests
  7 deep elf knights
  2 fire crabs
  2 unseen horrors
  2 giant orange brains
  An ice devil (IceCv)
  The ghost of Minkie the Destroyer, an experienced TeFE of Vehumet (D:8)
  6 hill giants
  A giant orange brain (shapeshifter) (D:13)
  10 deep trolls
  2 necromancers
  6 ironbrand convokers
  A flayed ghost (Vaults:3)
  3 ice statues (IceCv)
  A spriggan druid (Swamp:4)
  A deep elf summoner (Vaults:3)
  3 deep elf conjurers
  6 shambling mangroves
  17 swamp dragons
  An orc sorcerer (Orc:4)
  16 orb spiders
  5 griffons
  7 harpies
  A wizard (D:14)
  3 manticores
  27 wolf spiders
  The ghost of Guenter the Poker, an experienced DsGl of Okawaru (D:7)
  A mana viper (shapeshifter) (Vaults:2)
  A phantasmal warrior (Vaults:3)
  15 ugly things
  7 orc knights
  The ghost of Guenter the Spear-Bearer, an experienced DsGl of Okawaru (D:6)
  A cyclops (Vaults:1)
  A moth of wrath (Spider:5)
  A tengu skeleton (Vaults:3)
  11 elephants
  8 hornets
  20 spiny frogs
  5 centaur zombies
  6 vault sentinels
  3 gargoyles
  A queen ant (Spider:5)
  6 black mambas
  2 torpor snails
  3 efreet
  A kobold demonologist (D:13)
  11 demonic crawlers
  6 komodo dragons
  A yaktaur skeleton (Vaults:3)
  29 yaktaurs
  5 fire drakes
  6 trolls
  29 jumping spiders
  4 polar bears
  4 blue devils (IceCv)
  4 snapping turtles (D:14)
  6 freezing wraiths
  A deep elf priest (Vaults:3)
  3 baby alligators (Swamp:1)
  4 boulder beetles
  11 giant leeches
  17 two-headed ogres
  11 bog bodies
  A stone giant simulacrum (Vaults:3)
  26 ravens
  A hornet zombie (D:15)
  17 spriggans
  38 slime creatures
  5 basilisks
  4 shadows
  A raiju (shapeshifter) (Vaults:1)
  31 redbacks
  5 deep elf magi
  18 trapdoor spiders
  2 wyverns
  6 water elementals (D:14)
  23 tarantellas
  9 hippogriffs
  3 hungry ghosts
  3 wraiths
  17 vampire mosquitoes
  34 yaks
  6 deep elf fighters
  27 swamp worms
  24 insubstantial wisps
  Edmund (D:7)
  21 wolves
  24 soldier ants
  4 mottled dragons
  19 water moccasins
  2 wargs (Vaults:3)
  6 sky beasts
  8 porcupines
  13 swamp drakes
  2 black bears
  31 spiders
  28 ogres
  A phantom (Swamp:4)
  24 centaurs
  13 ice beasts
  3 boring beetles
  5 necrophages (Swamp:5)
  43 orc warriors
  13 wasps
  17 crocodiles
  4 big kobolds
  23 giant frogs
  A wyvern zombie (D:14)
  4 wights (D:12)
  12 scorpions
  4 killer bees
  2 water moccasin skeletons
  6 electric eels
  4 goliath beetles
  3 quasits
  4 crimson imps
  5 giant frog zombies
  3 draconian simulacra (IceCv)
  2 jellies
  6 centaur skeletons
  10 hounds
  36 orc wizards
  33 orc priests
  7 iguanas
  3 troll simulacra (IceCv)
  32 worker ants
  A spriggan simulacrum (IceCv)
  11 sheep
  Ijyb (D:6)
  A sky beast zombie (D:12)
  A mummy (D:13)
  2 hound zombies
  58 river rats
  15 gnolls
  3 naga simulacra (IceCv)
  4 shadow imps
  28 adders
  3 giant mites (Lair:4)
  A white imp (D:4)
  8 worms
  5 adder skeletons
  2 adder zombies
  2 giant geckos
  2 oozes
  126 orcs
  2 ball pythons
  21 bats
  7 giant cockroaches
  37 goblins
  35 hobgoblins
  17 jackals
  21 kobolds
  A ball python skeleton (D:6)
  A giant gecko skeleton (D:7)
  A giant gecko zombie (D:5)
  10 giant newts
  A goblin skeleton (D:4)
  2 goblin zombies (D:4)
  2 hobgoblin zombies (D:4)
  2 kobold skeletons (D:4)
  A kobold zombie (D:4)
  An orc skeleton (Orc:4)
  3 orc zombies
  13 quokkas
  6 rats
  4 briar patches
1763 creatures vanquished.

Vanquished Creatures (collateral kills)
  A vault warden (Vaults:2)
1 creature vanquished.

Vanquished Creatures (others)
  An eldritch tentacle (Vaults:3)
  A vault warden (Vaults:2)
  A vault guard (Vaults:2)
  2 fire elementals
  An orc priest (Orc:4)
  An orc zombie (Orc:4)
  3 briar patches
  89 eldritch tentacle segments (Vaults:3)
  3 fungi
  A plant (Lair:2)
103 creatures vanquished.

Grand Total: 1867 creatures vanquished
